cohdb
Replays
Latest Replays
All Replays
Popular Replays
Top Player Replays
Match Explorer
How It Works
Community
CoH3 Stats
Reddit
Sign in to upload your games and track your stats! →
Sign in with Steam
2vs2 | 500ish | 2-0 end | Multiple turnarounds
Match 4913884
Overview
Messages
Build Orders
End
Selects Italian Combined Arms Battlegroup
Selects Bersaglieri Squad
Bersaglieri Squad
Bersaglieri Squad
Bersaglieri Squad
Construct Light Support Kompanie
Construct Mechanized Kompanie
8 Rad Armored Car
Assault Mechanized Group
Tungsten Core Ammunition
Selects Semovente da 75/18 Assault Gun
Selects Carro Armato M13/40 Light Tank
Carro Armato M13/40 Light Tank
Carro Armato M13/40 Light Tank
Selects Pact of Steel
Carro Armato M13/40 Light Tank
Carro Armato M13/40 Light Tank
Selects Bersaglieri Bolster
Assault Mechanized Group
Selects Breda Model 30 Light Machine Guns
Construct Panzerarmee Kommand
Armored Reserves
Tiger Heavy Tank
Panzerpioneer Squad
Vehicle Survival Package
Panzer IV Assault Group
Karl Müller
Ghaell
Krzemyk
Jarekk
0
0
Comments
sign in to comment!
No comments posted yet!